 Dungeon Crawl Stone Soup version 0.29.0-4-gdea44cf6ec (webtiles) character file.

Game seed: 10609053378143881407

46 112233 the Gusty (level 3, -1/14 HPs)
             Began as a Felid Air Elementalist on Aug 26, 2022.
             Slain by an adder (3 damage)
             ... on level 3 of the Dungeon.
             The game lasted 00:02:21 (2750 turns).

112233 the Gusty (Felid Air Elementalist)           Turns: 2750, Time: 00:02:21

Health: -1/14      AC:  1    Str:  4    XL:     3   Next: 46%
Magic:  5/7        EV: 17    Int: 18    God:
Gold:   119        SH:  0    Dex: 16    Spells: 0/6 levels left
                                        Lives:  0   Deaths: 1

rFire   . . .      SeeInvis +   (weapon unavailable)
rCold   . . .      Faith    .   (shield unavailable)
rNeg    . . .      Spirit   .   (body armour unavailable)
rPois   .          Reflect  .   (helmet unavailable)
rElec   .          Harm     .   (cloak unavailable)
rCorr   .          Rampage  .   (gloves unavailable)
Will    .....                   (boots unavailable)
Stlth   ++........              (no amulet)
HPRegen 0.04/turn               (no ring)
MPRegen 0.10/turn               (no ring)

@: quick
A: very small, claws 1, fangs 3, see invisible, speed 1, shaggy fur 1, stealthy
paws, no weapons or thrown items, no armour, multi-lived
a: no special abilities


You were on level 3 of the Dungeon.
You visited 1 branch of the dungeon, and saw 3 of its levels.

You collected 119 gold pieces.

Inventory:

Scrolls
 b - a scroll of identify
 f - 2 scrolls of vulnerability {unknown}
 j - a scroll of torment {unknown}
 k - a scroll of blinking {unknown}
Potions
 a - a potion of magic
 d - a potion of haste {unknown}
 g - 3 potions of curing {unknown}
 h - 2 potions of attraction {unknown}
 i - a potion of degeneration {unknown}


   Skills:
 - Level 2.7 Dodging
 - Level 2.7 Stealth
 - Level 2.0 Spellcasting
 - Level 0.9 Conjurations
 + Level 4.7 Air Magic


You couldn't memorise any spells.
You knew the following spells:

 Your Spells              Type           Power      Damage    Failure   Level
a - Shock                 Conj/Air       48%        1d6       5%          1
b - Static Discharge      Conj/Air       12%        3-5/arc   9%          2
c - Swiftness             Air            18%        N/A       8%          3

Your spell library contained the following spells:

 Spells                   Type           Power      Damage    Failure   Level
 Foxfire                  Conj/Fire      12%        2x1d4     16%         1
 Airstrike                Air            9%         2d(2-18)  26%         4
 Conjure Flame            Conj/Fire      3%         6-21      41%         3
 Inner Flame              Hex/Fire       1%         N/A       47%         3
 Flame Wave               Conj/Fire      3%         2d5       83%         4


Dungeon Overview and Level Annotations

Branches:
Dungeon (3/15)

Altars:

Annotations:
D:1 exclusion: downstairs
D:2 1 runed translucent door, Crazy Yiuf, Sigmund


Innate Abilities, Weirdness & Mutations

You have sharp claws.
You have razor-sharp teeth.
You have supernaturally acute eyesight. (SInv)
You cover ground quickly. (Speed+)
You are covered in fur. (AC +1)
Your paws help you pounce on unaware monsters.
You are incapable of wielding weapons or throwing items.
You cannot wear armour.
You gain extra lives every three experience levels.


Message History

The adder is heavily wounded.
You are struck by an arc of lightning.
The lightning grounds out.
The adder barely misses you. The adder closely misses you.
The adder misses you.
Unknown command.
Casting: Static Discharge (safe; 9% risk of failure)
Confirm with . or Enter, or press ? or * to list all spells.
You miscast Static Discharge.
You are very lightly contaminated with residual magic.
Nothing appears to happen.
The adder completely misses you.
Unknown command.
Casting: Static Discharge (safe; 9% risk of failure)
Confirm with . or Enter, or press ? or * to list all spells.
The adder is struck by an arc of lightning!
You kill the adder!
You are struck by an arc of lightning.
The lightning grounds out.
Unknown command.
You start resting.
Your magical contamination has completely faded away.
You start resting.
Magic restored.
Unknown command.
You start resting.
HP restored.
Unknown command.
You climb downwards.
The adder completely misses you. The adder closely misses you.
The worm bites you!
Ouch! That really hurt!
There is a stone staircase leading up here.
Unknown command.
Casting: Static Discharge (safe; 9% risk of failure)
Confirm with . or Enter, or press ? or * to list all spells.
The adder is struck by an arc of lightning.
The adder is heavily wounded.
The worm is struck by an arc of lightning.
The worm is moderately wounded.
The lightning grounds out.
The adder bites you.
* * * LOW HITPOINT WARNING * * *
The adder bites you.
You die...

#########...
..........#
#.........
##........##
#..........#
#..........#
#..........#
#....w@....#
#.....S....#
##....S...##
##......##
########


You could see a worm and 2 adders.

Vanquished Creatures
  Jessica (D:2)
  2 adders (D:2)
  A worm (D:2)
  A dart slug (D:2)
  3 ball pythons
  An endoplasm (D:1)
  A giant cockroach (D:2)
  8 goblins
  2 hobgoblins
  3 jackals (D:1)
  3 quokkas
  4 bats
  2 frilled lizards
  4 kobolds
  6 rats
42 creatures vanquished.

Notes
Turn   | Place    | Note
-------+----------+-------------------------------------------
     0 | D:1      | 112233 the Felid Air Elementalist began the quest for the
                  | Orb.
     0 | D:1      | Reached XP level 1. HP: 7/7 MP: 4/4
    29 | D:1      | Noticed a black bear
    29 | D:1      | Noticed an anaconda
    30 | D:1      | Noticed a swamp drake
    30 | D:1      | Noticed a swamp worm
   178 | D:1      | Reached skill level 3 in Air Magic
   258 | D:1      | Reached XP level 2. HP: 11/11 MP: 3/6
   876 | D:1      | Learned a level 2 spell: Static Discharge
  1360 | D:1      | Found a faded altar of an unknown god.
  1483 | D:2      | Reached XP level 3. HP: 14/14 MP: 5/7
  1796 | D:2      | Reached skill level 4 in Air Magic
  1895 | D:2      | Found a runed translucent door.
  1896 | D:2      | Noticed Crazy Yiuf
  1913 | D:2      | Learned a level 3 spell: Swiftness
  2084 | D:2      | Noticed Jessica
  2259 | D:2      | Noticed Sigmund
  2341 | D:2      | Killed Jessica
  2342 | D:2      | Reached XP level 4. HP: 18/18 MP: 4/8
  2500 | D:2      | Killed from afar by Sigmund
  2501 | D:2      | Reached XP level 3. HP: -8/14 MP: 3/7
  2750 | D:3      | Slain by an adder

Illustrated notes

Levels and vault maps discovered:
D:1:      onia_arrival_zoo_common, layout_loops_ring,
          shapermc_ecumenical_altar_mp_urbaneastern, serial_park_tiny_1,
          supply_closet_lemuel
D:2:      layout_basic, uniq_sigmund, uniq_crazy_yiuf_cottage, uniq_jessica
D:3:      kennysheep_the_goblin_king, layout_rooms, slow_altar_2,
          nicolae_elyvilon_peaceful_grove, chequers_garden

Skill      XL: |  1  2  3 |
---------------+----------+-----
Air Magic      | 3 4 |  4.7
Dodging        | |  2.7
Stealth        | |  2.7
Spellcasting   | |  2.0
Conjurations   | |  0.9

Action                   |  1- 3 |  4- 6 || total
-------------------------+-------+-------++-------
Melee: Unarmed           |     1 |       ||     1
 Cast: Shock             |    86 |     7 ||    93
       Static Discharge  |     3 |       ||     3
  Use: Scroll            |       |     2 ||     2
       Potion            |       |     1 ||     1
Dodge: Dodged            |    11 |     3 ||    14
